 Dungeon Crawl Stone Soup version 0.31.0-1-g2c135a008e (webtiles) character file.

Game seed: 11336749763744935978

91 qw the Shooter (level 4, -1/35 HPs)
             Began as a Djinni Hunter on Jan 23, 2024.
             Slain by a gnoll
             ... wielding a +0 flail
              (8 damage)
             ... on level 3 of the Dungeon.
             The game lasted 00:00:05 (1524 turns).

qw the Shooter (Djinni Hunter)                      Turns: 1524, Time: 00:00:05

Health: -1/35      AC:  3    Str: 10    XL:     4   Next: 88%
Gold:   82         EV: 12    Int: 11    God:
                   SH:  5    Dex: 18

rFire   + + .        a - +1 shortbow
rCold   x . .        (shield currently unavailable)
rNeg    . . .        c - +0 leather armour
rPois   inf          (no helmet)
rElec   .            (no cloak)
rCorr   .            (no gloves)
SInv    .            (boots unavailable)
Will    .....        d - amulet of reflection
Stlth   ++           (no ring)
HPRegen 0.25/turn    (no ring)
MPRegen 0.00/turn

%: reflection, infuse magic (-2 HP)
@: flying
A: sickness immunity, fire resistance 2, cold vulnerability 1, float, innate
caster, HP casting, extra vitality 1
a: no special abilities


You were on level 3 of the Dungeon.
You visited 1 branch of the dungeon, and saw 3 of its levels.

You collected 82 gold pieces.


Innate Abilities, Weirdness & Mutations

You are immune to sickness and miasma.
You are immune to poison.
Your flesh is very heat resistant. (rF++)
You are vulnerable to cold. (rC-)
You float through the air rather than walking.
You learn spells naturally, not from books.
Your magical power is your life essence.
You have superior vitality. (+4 MHP)


   Skills:
 - Level 3.0 Fighting
 + Level 4.1 Ranged Weapons
 - Level 3.0 Dodging
 - Level 0.7 Stealth


You knew the following spells:

 Your Spells              Type           Power      Damage    Failure   Level
a - Summon Small Mammal   Summ           0%         N/A       43%         1
Your spell library was empty.

Inventory:

Hand Weapons
 a - a +1 shortbow (weapon)
Armour
 c - a +0 leather armour (worn)
Jewellery
 d - an amulet of reflection (around neck)
Potions
 f - a potion of curing

Dungeon Overview and Level Annotations

Branches:
Dungeon (3/15)

Altars:


Message History

You shoot an arrow. The arrow hits the ribbon worm.
The ribbon worm is moderately wounded.
The ribbon worm bites you.
You shoot an arrow. The arrow hits the ribbon worm.
The ribbon worm is moderately wounded.
You shoot an arrow. The arrow hits the ribbon worm.
The ribbon worm is moderately wounded.
The ribbon worm expels a string of sticky webbing.
The stream of webbing misses you.
You shoot an arrow. The arrow hits the ribbon worm!
The ribbon worm is severely wounded.
The ribbon worm misses you.
You shoot an arrow.
The arrow hits the ribbon worm but does no damage.
The ribbon worm is severely wounded.
The ribbon worm closely misses you.
You shoot an arrow.
The arrow hits the ribbon worm but does no damage.
The ribbon worm is severely wounded.
You block the ribbon worm's attack.
You shoot an arrow. The arrow hits the ribbon worm.
The ribbon worm is severely wounded.
The ribbon worm bites you.
You shoot an arrow.
The arrow barely misses the ribbon worm.
The arrow barely misses the gnoll.
The ribbon worm closely misses you.
You shoot an arrow. The arrow hits the ribbon worm.
The ribbon worm is almost dead.
The ribbon worm expels a string of sticky webbing.
You block the stream of webbing... and reflect it back!
The stream of webbing hits the ribbon worm but does no damage.
The ribbon worm is caught in a web!
The ribbon worm tears the web.
You shoot an arrow. The arrow hits the ribbon worm!
You kill the ribbon worm!
You shoot an arrow. The arrow closely misses the gnoll.
The gnoll hits you but does no damage.
You shoot an arrow. The arrow barely misses the gnoll.
The gnoll hits you with a +0 flail!
You die...

... ... #.. ..# ).##
.........)#
........#g#
........#@#
........#.##
........#..## .#
........##..# #.#
........###.###.#####
........#.....#.....#
########......+.....#
#...<>.#.....##
##.####........#


You could see a gnoll.

Vanquished Creatures
  An adder (D:2)
  3 gnolls (D:3)
  A ribbon worm (D:3)
  4 bats
  3 endoplasms
  2 giant cockroaches (D:1)
  2 goblins
  5 hobgoblins
  4 quokkas
  8 ball pythons
  3 frilled lizards
  10 kobolds
  3 rats (D:1)
49 creatures vanquished.

Notes
Turn   | Place    | Note
-------+----------+-------------------------------------------
     0 | D:1      | qw the Djinni Hunter began the quest for the Orb.
     0 | D:1      | Reached XP level 1. HP: 18/18 MP: 0/0
     0 | D:1      | 0 ||| qw: Version: 0.3-a-135-gb77e89d
     0 | D:1      | 0 ||| qw: Game counter: 845
     0 | D:1      | 0 ||| qw: Melee chars always use a shield: true
     0 | D:1      | 0 ||| qw: God list: Okawaru
     0 | D:1      | 0 ||| qw: Allow faded altars: false
     0 | D:1      | 0 ||| qw: Do Orc after clearing Dungeon:15 true
     0 | D:1      | 0 ||| qw: Do second Lair branch before Depths: true
     0 | D:1      | 0 ||| qw: Lair rune preference: random
     0 | D:1      | 0 ||| qw: Goals: Normal
     0 | D:1      | 0 ||| PLANNING D:1-11
    54 | D:1      | Reached XP level 2. HP: 14/23 MP: 0/0
   412 | D:1      | Reached skill level 4 in Ranged Weapons
   412 | D:1      | Reached XP level 3. HP: 21/28 MP: 0/0
   412 | D:1      | Learned a level 1 spell: Summon Small Mammal
   754 | D:1      | 754 ||| UPGRADING to amulet of reflection.
   759 | D:1      | 759 ||| READING scroll labelled BISUPUNASEA.
   759 | D:1      | 759 ||| ENCHANTING +0 shortbow.
   760 | D:1      | 760 ||| READING scroll labelled ASCHAKK SUTSEO.
   761 | D:1      | 761 ||| DROPPING scroll of butterflies.
   899 | D:2      | Reached XP level 4. HP: 34/34 MP: 0/0
   960 | D:2      | Reached skill level 3 in Fighting
  1200 | D:2      | Found a faded altar of an unknown god.
  1269 | D:2      | 1269 ||| READING scroll labelled TOCILODUIS.
  1273 | D:2      | 1273 ||| READING 2 scrolls labelled OFIXUN HURR.
  1273 | D:2      | 1273 ||| IDENTIFYING smoky green potion
  1274 | D:2      | 1274 ||| READING scroll of identify.
  1274 | D:2      | 1274 ||| IDENTIFYING ruby potion
  1275 | D:2      | 1275 ||| READING scroll labelled ZOCOEC UCA QIO.
  1275 | D:2      | 1275 ||| ENCHANTING +1 shortbow.
  1276 | D:2      | 1276 ||| READING scroll labelled ITZO DOACEFF.
  1277 | D:2      | 1277 ||| READING scroll labelled QUFRATH MOATAQ.
  1493 | D:3      | Reached skill level 3 in Dodging
  1502 | D:3      | HP: 7/35 [gnoll/+0 whip (8)]
  1503 | D:3      | 1503 ||| DRINKING potion of heal wounds.
  1511 | D:3      | HP: 8/35 [ribbon worm (4)]
  1519 | D:3      | HP: 5/35 [ribbon worm (1)]
  1524 | D:3      | Slain by a gnoll

Levels and vault maps discovered:
D:1:      heliophobic_arrival_dark_side_of_the_moon, layout_basic
D:2:      layout_rooms, shapermc_ecumenical_altar_notcrosses,
          minmay_pentomino_v4
D:3:      layout_basic

Skill      XL: |  1  2  3  4 |
---------------+-------------+-----
Ranged Weapons | 4 |  4.1
Fighting       | 3 |  3.0
Dodging        | 3 |  3.0
Stealth        | |  0.7

Action                     |  1- 3 |  4- 6 || total
---------------------------+-------+-------++-------
   Fire: Shortbow          |    88 |    58 ||   146
    Use: Scroll            |     2 |     6 ||     8
         Potion            |       |     1 ||     1
 Armour: Leather armour    |    18 |    15 ||    33
  Dodge: Dodged            |    23 |    15 ||    38
  Block: Other             |     6 |     4 ||    10
         Reflection        |       |     1 ||     1

Table legend:
 A = Non-vault XP
 B = Vault XP
 C = Vault XP percentage of total XP
 D = Non-vault monster count
 E = Vault monster count
 F = Vault count percentage of total count
                 A         B        C        D         E       F
            +---------+---------+-------+---------+---------+-------
      Total |     115 |      16 |  12.2 |      47 |       2 |   4.1
            +---------+---------+-------+---------+---------+-------
        D:1 |      34 |       0 |   0.0 |      21 |       0 |   0.0
        D:2 |      30 |      16 |  34.8 |      19 |       2 |   9.5
        D:3 |      51 |       0 |   0.0 |       7 |       0 |   0.0
            +---------+---------+-------+---------+---------+-------
